Map: Ephemeron LE

Players

noobling

  • Race: Zerg Zerg
  • League: Diamond
  • Spawn Location: 5:00

Yoyo - Winner!

  • Race: Protoss Protoss
  • League: Master
  • Spawn Location: 11:00

VOD

Have the link to the VOD?

Description

Time

  • Played on: March 9, 2020, 6:58 p.m.
  • Length: 6:46
Show
View Real Time Build Order
Export as new Build Order

noobling Zerg 

Build Orders:  

Get SALT Encoding   

  12  0:25  Drone  
  12  0:26  Drone  
Show
View Real Time Build Order
Export as new Build Order

Yoyo Protoss - Winner!

Build Orders: 1 Gate Expand 

Get SALT Encoding   

  12  0:01  Probe  
  13  0:13  Probe  
  14  0:19  Pylon  
  14  0:32  Probe (Chrono Boost)  
  15  0:37  Gateway  
  15  0:44  Probe (Chrono Boost)  
  15  0:45  Assimilator  
  16  0:50  Probe (Chrono Boost)  
  17  0:58  Probe  
  18  1:10  Probe  
  19  1:22  Probe  
  20  1:29  Nexus  
  20  1:35  Cybernetics Core  
  20  1:38  Probe  
  21  1:44  Assimilator  
  21  1:50  Probe  
  22  1:54  Pylon  
  22  2:02  Probe  
  23  2:11  Sentry (Chrono Boost)  
  23  2:14  Probe  
  26  2:19  Warp Gate  
  26  2:26  Probe  
  26  2:27  Stalker (Chrono Boost)  
  29  2:40  Probe (Chrono Boost)  
  29  2:43  Probe (Chrono Boost)  
  31  2:46  Robotics Facility  
  31  2:50  Probe (Chrono Boost)  
  33  2:53  Probe (Chrono Boost)  
  33  2:55  Probe (Chrono Boost)  
  34  3:03  Probe  
  34  3:05  Gateway  
  35  3:07  Probe  
  36  3:15  Probe  
  36  3:19  Probe, Pylon  
  38  3:25  Sentry  
  41  3:27  Probe  
  41  3:30  Warp Prism (Chrono Boost)  
  41  3:31  Probe  
  44  3:39  Probe  
  45  3:43  Probe  
  46  3:51  Probe  
  47  3:56  Immortal (Chrono Boost)  
  52  4:03  Pylon  
  52  4:06  Sentry  
  53  4:19  Gateway x2  
  53  4:20  Gateway  
  53  4:23  Adept, Gateway  
  55  4:25  Gateway  
  55  4:26  Gateway  
  55  4:33  Pylon  
  55  4:34  Pylon  
  55  4:36  Zealot  
  57  4:44  Immortal (Chrono Boost)  
  61  4:57  Pylon  
  61  4:58  Stalker x2  
  65  5:01  Pylon  
  65  5:13  Immortal (Chrono Boost)  
  69  5:15  Stalker x3  
  75  5:23  Zealot x3  
  81  5:39  Zealot x5, Observer (Chrono Boost)  
Tags
 
Add a new tag
Caveats
  • Supply blocks, unpowered buildings, or Contaminate may cause inaccurate times.
  • Supply counts are checked every 10 seconds.